 Dungeon Crawl Stone Soup version 0.19-a0-1210-g5c1aa26 (webtiles) character file.

1362 mopl the Caller (level 8, -7/57 HPs)
             Began as a Pale Draconian Summoner on Aug 22, 2016.
             Was a Follower of Sif Muna.
             Mangled by an earth elemental (24 damage)
             ... summoned by a deep elf mage
             ... on level 6 of the Dungeon.
             The game lasted 00:15:25 (5906 turns).

mopl the Caller (Pale Draconian Summoner)           Turns: 5906, Time: 00:15:26

Health: -7/57      AC: 14    Str: 11    XL:     8   Next: 37%
Magic:  4/16       EV: 12    Int: 18    God:    Sif Muna [*.....]
Gold:   150        SH:  0    Dex: 11    Spells: 5 memorised, 4 levels left

rFire  . . .     SeeInvis +     a - +3 quarterstaff (chaos)
rCold  . . .     Gourm    .     (armour unavailable)
rNeg   . . .     Faith    .     (shield currently unavailable)
rPois  .         Spirit   .     (helmet restricted)
rElec  .         Dismiss  .     J - +0 cloak
rCorr  .         Reflect  .     (no gloves)
MR     .....     Harm     .     S - +2 pair of boots
Stlth  ++........               f - amulet of magic regeneration
                                t - +4 ring of protection
                                o - ring of see invisible

@: very slightly contaminated
A: breathe steam, unfitting armour, cold-blooded, AC +6
a: Breathe Steam, Divine Energy, Renounce Religion


You were on level 6 of the Dungeon.
You worshipped Sif Muna.
Sif Muna was aware of your devotion.
You were hungry.

You visited 2 branches of the dungeon, and saw 7 of its levels.
You also visited: Sewer.

You collected 150 gold pieces.

Inventory:

Hand Weapons
 a - a +3 quarterstaff of chaos (weapon)
 q - a +0 scythe
 r - a +0 spear
Missiles
 F - 2 tomahawks (quivered)
 N - 5 poisoned tomahawks
Armour
 i - a +0 shield
 J - a +0 cloak (worn)
 S - a +2 pair of boots (worn)
Magical Staves
 Q - an uncursed staff of wizardry {!a}
Jewellery
 f - an amulet of magic regeneration (around neck)
 l - an uncursed ring of ice
 o - a ring of see invisible (left hand)
 t - a +4 ring of protection (right hand)
Wands
 O - a wand of disintegration (14/24)
 R - a wand of polymorph (7/24)
Scrolls
 d - 3 scrolls of remove curse {unknown}
 g - 5 scrolls of magic mapping {unknown}
 p - 4 scrolls of identify {unknown}
 s - a scroll of recharging {unknown}
 y - 2 scrolls of fear {unknown}
 z - 2 scrolls of fog {unknown}
 A - a scroll of teleportation {unknown}
 B - 2 scrolls of immolation {unknown}
 C - a scroll of enchant weapon {unknown}
 D - 2 scrolls of noise {unknown}
 E - a scroll of amnesia {unknown}
 G - 2 scrolls of random uselessness {unknown}
 T - a scroll of blinking {unknown}
Potions
 c - 4 potions of brilliance {unknown}
 e - 4 potions of lignification {unknown}
 h - 3 potions of mutation {unknown}
 j - 3 potions of heal wounds {unknown}
 k - 5 potions of flight {unknown}
 u - 3 potions of curing {unknown}
 v - 2 potions of agility {unknown}
 x - 2 potions of might {unknown}
 H - a potion of degeneration {unknown}
 M - a potion of resistance {unknown}
 P - a potion of ambrosia {unknown}
Books
 n - a book of the Sky

   Spells                             Type                      Level
   a - Summon Lightning Spire         Summoning/Air                4
   b - Airstrike                      Air                          4
   c - Silence                        Hexes/Air                    5
   d - Deflect Missiles               Charms/Air                   6
   e - Conjure Ball Lightning         Conjuration/Air              6
   f - Tornado                        Air                          9
 I - a book of Callings

   Spells                             Type                      Level
   a - Summon Small Mammal            Summoning                    1
   b - Call Imp                       Summoning                    2
   c - Call Canine Familiar           Summoning                    3
   d - Summon Guardian Golem          Hexes/Summoning              3
   e - Summon Lightning Spire         Summoning/Air                4
   f - Summon Ice Beast               Ice/Summoning                4
Comestibles
 b - 6 bread rations
 m - 2 royal jellies
 w - 2 meat rations
 K - 3 chunks of flesh
 L - a beef jerky


   Skills:
 - Level 1.7 Dodging
 - Level 1.7 Stealth
 + Level 5.7 Spellcasting
 + Level 7.1 Summonings
 + Level 4.4 Ice Magic
 + Level 3.7 Air Magic


You had 4 spell levels left.
You knew the following spells:

 Your Spells              Type           Power        Failure   Level  Hunger
a - Summon Small Mammal   Summ           ####         1%          1    None
b - Call Imp              Summ           ####....     1%          2    None
c - Call Canine Familiar  Summ           ####....     1%          3    ##.....
d - Summon Ice Beast      Ice/Summ       ####....     14%         4    ####...
t - Summon Lightning Spi  Summ/Air       ###.....     17%         4    ####...


Dungeon Overview and Level Annotations

Branches:
Dungeon (6/15)             Temple (1/1) D:4

Altars:
Ashenzari
Cheibriados
Elyvilon
Fedhas
Gozag
Hepliaklqana
Makhleb
Nemelex Xobeh
Qazlal
Ru
Sif Muna
Trog
Uskayaw
Vehumet
Xom
Yredelemnul
Zin
The Shining One

Shops:
D:4 %


Innate Abilities, Weirdness & Mutations

You can breathe blasts of scalding, opaque steam.
Your pale cyan-grey scales are hard. (AC +6)
Your body does not fit into most forms of armour.
You are cold-blooded and may be slowed by cold attacks.


Message History

* * * LOW HITPOINT WARNING * * *
You are too injured to fight recklessly!
You are too injured to fight recklessly!
Casting: Summon Ice Beast
Confirm with . or Enter, or press ? or * to list all spells.
You miscast Summon Ice Beast.
You are very lightly contaminated with residual magic.
Shadowy shapes form in the air around you, then vanish.
The deep elf mage mumbles some strange words.
Casting: Summon Ice Beast
Confirm with . or Enter, or press ? or * to list all spells.
A chill wind blows around you.
The deep elf mage hits you but does no damage.
Casting: Summon Ice Beast
Confirm with . or Enter, or press ? or * to list all spells.
A chill wind blows around you.
You are feeling hungry.
The deep elf mage casts a spell at you. The bolt of magma misses you.
The earth elemental hits you!!
You die...

####### #####
######.....#######...#
.....................#
######.###########..#
#.#..Y.EY......#
#.#...@e.E.....#
##.#'''######8..#
#..#?.. ....# #..#...
.....# #..#..% .....#
### ###..#+++ ###8..#
..#.####....# ....#
#.#...>.....#
#.####.#....#


You could see 2 earth elementals, a deep elf mage and 2 friendly ice beasts.

Vanquished Creatures
  Grinder (D:4)
  2 ice beasts
  2 ogres (D:4)
  A centaur (D:5)
  A giant frog skeleton (D:5)
  An iguana (D:5)
  2 orc wizards (D:5)
  A hound zombie (D:5)
  A hound skeleton (D:5)
  4 adders
  A river rat (Sewer)
  A shadow imp (D:5)
  3 worms
  3 dart slugs
  4 giant geckos
  9 orcs
  3 bats
  4 giant cockroaches
  5 goblins
  3 hobgoblins
  4 jackals
  2 quokkas
  6 ball pythons
  A giant cockroach zombie (D:4)
  4 giant newts
  A kobold (D:3)
  A quokka skeleton (D:4)
  12 rats
83 creatures vanquished.

Vanquished Creatures (collateral kills)
  Sigmund (D:2)
  An orc warrior (D:6)
  An ice beast (D:4)
  An ogre (D:5)
  A phantom (D:3)
  2 centaurs (D:5)
  A giant frog (D:5)
  Crazy Yiuf (D:4)
  A jelly (D:5)
  3 orc wizards
  A worker ant (D:4)
  5 adders
  3 river rats (Sewer)
  A shadow imp (D:5)
  2 worms
  A dart slug (D:1)
  3 giant geckos
  6 orcs
  A ball python (Sewer)
  3 bats
  4 giant cockroaches
  4 goblins
  4 hobgoblins
  7 jackals
  4 kobolds
  7 giant newts
  4 rats
73 creatures vanquished.

Grand Total: 156 creatures vanquished

Notes
Turn   | Place    | Note
-------+----------+-------------------------------------------
     0 | D:1      | mopl the Draconian Summoner began the quest for the Orb.
     0 | D:1      | Reached XP level 1. HP: 14/14 MP: 3/3
   447 | D:1      | Reached XP level 2. HP: 20/20 MP: 1/5
   451 | D:1      | Learned a level 2 spell: Call Imp
  1015 | D:2      | Noticed Sigmund
  1043 | D:2      | Reached XP level 3. HP: 10/26 MP: 5/7
  1296 | D:2      | Learned a level 3 spell: Call Canine Familiar
  1390 | D:2      | Reached skill level 3 in Spellcasting
  1963 | D:2      | Killed Sigmund
  1963 | D:2      | Reached skill level 5 in Summonings
  1963 | D:2      | Reached XP level 4. HP: 29/33 MP: 2/9
  2340 | D:3      | Learned a level 4 spell: Summon Ice Beast
  2355 | D:3      | Reached XP level 5. HP: 38/38 MP: 10/10
  2445 | D:3      | Noticed a phantom
  2683 | D:3      | Found a glowing drain.
  2691 | Sewer    | Entered a sewer
  2881 | Sewer    | Reached skill level 4 in Spellcasting
  2995 | Sewer    | Reached skill level 1 in Ice Magic
  3472 | D:3      | Found a sparkling altar of Nemelex Xobeh.
  3501 | D:3      | Killed a phantom
  3501 | D:3      | Reached XP level 6. HP: 45/45 MP: 4/12
  3777 | D:4      | Reached skill level 2 in Ice Magic
  3792 | D:4      | Noticed Grinder
  3827 | D:4      | Killed Grinder
  3827 | D:4      | Reached skill level 6 in Summonings
  4028 | D:4      | Learned a level 4 spell: Summon Lightning Spire
  4039 | D:4      | Noticed an ice beast
  4049 | D:4      | Killed an ice beast
  4049 | D:4      | Your scales start taking on a pale cyan-grey colour.
  4049 | D:4      | Reached XP level 7. HP: 50/50 MP: 10/14
  4102 | D:4      | Found a runed door.
  4106 | D:4      | Noticed Crazy Yiuf
  4113 | D:4      | Killed Crazy Yiuf
  4279 | D:4      | Reached skill level 1 in Air Magic
  4385 | D:4      | Reached skill level 3 in Ice Magic
  4425 | D:4      | Found Lech's Food Emporium.
  4593 | D:4      | Reached skill level 5 in Spellcasting
  4593 | D:4      | Reached skill level 2 in Air Magic
  4709 | D:4      | Found a staircase to the Ecumenical Temple.
  4790 | Temple   | Entered the Ecumenical Temple
  4932 | Temple   | Became a worshipper of Sif Muna the Loreminder
  4996 | D:5      | Entered Level 5 of the Dungeon
  5260 | D:5      | Reached XP level 8. HP: 26/57 MP: 2/15
  5262 | D:5      | Reached * piety under Sif Muna
  5262 | D:5      | Reached skill level 4 in Ice Magic
  5390 | D:5      | Reached skill level 7 in Summonings
  5390 | D:5      | Reached skill level 3 in Air Magic
  5896 | D:6      | Noticed a deep elf mage
  5906 | D:6      | Mangled by an earth elemental

Vault maps used:
D:1:      dpeg_arrival_more_subterranean_lakeside_camping, minmay_pentomino_q2
D:2:      uniq_sigmund
D:3:      gup_sewer_entry_spiral, nemelex_diamond_rough_becter
D:4:      serial_shops, shop, minmay_misc_feat_alley, minmay_small_thing,
          uniq_crazy_yiuf_cottage, uniq_grinder
D:5:      first_bread
D:6:      guppyfry_early_elven_hall
Temple:   minmay_crystal_snake_temple
Sewer:    sewer_co_cracked_pipes

Skill      XL: |  1  2  3  4  5  6  7  8 |
---------------+-------------------------+-----
Spellcasting   | 3 4 5 |  5.7
Summonings     | 5 6 7 |  7.1
Ice Magic      | 1 2 3 4 |  4.4
Air Magic      | 2 3 |  3.7
Dodging        | |  1.7
Stealth        | |  1.7

Action                   |  1- 3 |  4- 6 |  7- 9 || total
-------------------------+-------+-------+-------++-------
Melee: Unarmed           |   158 |       |       ||   158
       Tailslap          |    13 |    13 |    10 ||    36
       Scythe            |       |   223 |     4 ||   227
       Quarterstaff      |       |       |   131 ||   131
 Cast: Summon Small Mamm |    15 |     6 |       ||    21
       Call Imp          |    26 |    11 |       ||    37
       Call Canine Famil |     6 |    11 |       ||    17
       Summon Ice Beast  |       |     1 |    15 ||    16
       Summon Lightning  |       |       |     2 ||     2
 Abil: Breathe Steam     |       |       |     1 ||     1
 Stab: Sleeping          |     1 |     7 |     3 ||    11
       Distracted        |       |     1 |     1 ||     2
       Confused          |       |       |     1 ||     1
  Eat: Chunk             |     6 |     9 |    10 ||    25
Armor: Skin              |    74 |   134 |    64 ||   272
Dodge: Dodged            |   150 |   203 |   112 ||   465
